 Dungeon Crawl Stone Soup version 0.30-a0-1008-g30c9307041 (webtiles) character file.

Game seed: 2782788259254666172

47 ThatPearl the Ruffian (level 3, -1/28 HPs)
             Began as a Draconian Transmuter on Apr 5, 2023.
             Slain by a gnoll
             ... wielding a +0 halberd
              (9 damage)
             ... on level 2 of the Dungeon.
             The game lasted 00:02:10 (966 turns).

ThatPearl the Ruffian (Draconian Transmuter)         Turns: 966, Time: 00:02:11

Health: -1/28      AC:  6    Str: 12    XL:     3   Next: 48%
Magic:  3/6        EV: 12    Int: 15    God:
Gold:   51         SH:  0    Dex: 11    Spells: 3/6 levels left

rFire   . . .      SeeInvis .      - Unarmed
rCold   . . .      Faith    .    (no shield)
rNeg    . . .      Spirit   .    (body armour unavailable)
rPois   .          Reflect  .    (helmet restricted)
rElec   .          Rampage  .    (no cloak)
rCorr   .                        h - +0 pair of gloves
Will    .....                    (no boots)
Stlth   +                        (no amulet)
HPRegen 0.24/turn                (no ring)
MPRegen 0.10/turn                (no ring)

@: wereblooded
A: AC +5, unfitting armour, cold-blooded
a: no special abilities


You were on level 2 of the Dungeon.
You visited 1 branch of the dungeon, and saw 2 of its levels.

You collected 51 gold pieces.

Inventory:

Hand Weapons
 e - a +2 short sword of venom
Missiles
 g - 18 stones
Armour
 h - a +0 pair of gloves (worn)
Magical Staves
 c - a staff of conjuration
Jewellery
 d - a ring of willpower
Scrolls
 f - a scroll of fear {unknown}
 j - a scroll of teleportation {unknown}
 l - a scroll of magic mapping {unknown}
 m - a scroll of blinking {unknown}
Potions
 a - a potion of lignification
 b - a potion of attraction {unknown}
 i - a potion of invisibility {unknown}
 k - a potion of mutation {unknown}


   Skills:
 - Level 1.1 Fighting
 - Level 1.7 Dodging
 + Level 3.8 Unarmed Combat
 - Level 2.0 Spellcasting
 + Level 3.1 Transmutations


You had 3 spell levels left.
You knew the following spells:

 Your Spells              Type           Power      Damage    Failure   Level
a - Beastly Appendage     Tmut           20%        N/A       6%          1
w - Wereblood             Tmut           10%        N/A       10%         2

Your spell library contained the following spells:

 Spells                   Type           Power      Damage    Failure   Level
 Apportation              Tloc           2%         N/A       22%         1
 Spider Form              Tmut/Pois      6%         N/A       34%         3
 Ice Form                 Ice/Tmut       6%         N/A       75%         4
 Alistair's Intoxication  Tmut/Pois      4%         N/A       97%         5


Dungeon Overview and Level Annotations

Branches:
Dungeon (2/15)

Altars:

Shops:
D:1 !


Innate Abilities, Weirdness & Mutations

Your plain brown scales are hard. (AC +5)
You cannot fit into any form of body armour.
You are cold-blooded and may be slowed by cold attacks.


Message History

You howl as the wereblood boils in your veins!
The gnoll hits you with a +0 halberd.
You hit the gnoll but do no damage. Your kick misses the gnoll.
Your punch misses the gnoll.
The gnoll is moderately wounded.
Your transformation is almost over.
The gnoll misses you.
You hit the gnoll.
The gnoll is severely wounded.
The gnoll barely misses you.
You hit the gnoll.
You feel a bit better.
You kill the gnoll!
Your Transmutations skill increases to level 3!
You have reached level 3!
Your experience leads to an increase in your attributes!
Increase (S)trength, (I)ntelligence, or (D)exterity?
You feel clever. x2; Your scales feel tougher.
You barely miss the gnoll. The gnoll hits you but does no damage.
The gnoll hits you from afar with a +0 halberd.
You hit the gnoll. Your kick misses the gnoll. You headbutt the gnoll.
The gnoll is severely wounded.
The gnoll hits you with a +0 flail! The gnoll closely misses you.
You hit the gnoll. You claw the gnoll.
You feel a bit better.
You kill the gnoll!
The gnoll barely misses you. The gnoll hits you with a +0 halberd.
The worm bites you.
Items here: )) ††.
You hit the gnoll. You claw the gnoll. You headbutt the gnoll.
The gnoll is heavily wounded.
You howl as the wereblood boils in your veins!
The gnoll closely misses you. The worm bites you.
* * * LOW HITPOINT WARNING * * *
You hit the gnoll.
The gnoll is heavily wounded.
Your horns disappear.
Your talons disappear.
The gnoll misses you.
You closely miss the gnoll.
The gnoll is heavily wounded.
The gnoll hits you with a +0 halberd!
You die...

### ..###.## ##.# .... #.#
#.###########.# g.w..#### #.#
#.##........#.# gg....?.# #.#
#.##.######.#'# #.# #.#
#.##.#### #.... #.# #.#
#.......###.... ##.###.###.#
###.>##.##.....
#.........w####...##.#......
...........g@)...............
##...##.########.............
##.# #.# #.........##..... ##
#.# #.#######.###.... ..#
#.###.....# ##... ###
#.........# ##+# #.........#
#.# ##.##.###.# #..
#.##.###.#####.#


You could see a worm and a gnoll.

Vanquished Creatures
  3 gnolls (D:2)
  A bat (D:2)
  2 giant cockroaches (D:1)
  3 goblins
  A hobgoblin (D:1)
  3 kobolds (D:1)
  2 quokkas
  2 ball pythons (D:1)
  2 frilled lizards (D:1)
19 creatures vanquished.

Notes
Turn   | Place    | Note
-------+----------+-------------------------------------------
     0 | D:1      | ThatPearl the Draconian Transmuter began the quest for the
                  | Orb.
     0 | D:1      | Reached XP level 1. HP: 16/16 MP: 3/3
   115 | D:1      | Found Ossof's Distillery.
   272 | D:1      | Reached XP level 2. HP: 19/23 MP: 1/5
   305 | D:1      | Learned a level 2 spell: Wereblood
   960 | D:2      | Reached XP level 3. HP: 27/28 MP: 3/6
   966 | D:2      | Slain by a gnoll

Illustrated notes

Levels and vault maps discovered:
D:1:      dpeg_arrival_simpleton_c, layout_basic, serial_shops, shop_fountains,
          minmay_tromino_i2
D:2:      layout_loops_corners, chequers_serial_rivers_micro_a

Skill      XL: |  1  2 |
---------------+-------+-----
Transmutations | 3 |  3.1
Fighting       | |  1.1
Dodging        | |  1.7
Unarmed Combat | |  3.8
Spellcasting   | |  2.0

Action                     || total
---------------------------++-------
  Melee: Unarmed           ||    46
         Headbutt          ||     8
         Tailslap          ||     5
         Kick              ||     6
   Cast: Beastly Appendage ||    12
         Wereblood         ||     1
 Armour: Skin              ||    12
  Dodge: Dodged            ||    29

Table legend: (Time is in decaauts)
 A = Elapsed time spent in this place.
 B = Non-inter-level travel time spent in this place.
 C = Inter-level travel time spent in this place.
 D = Time resting spent in this place.
 E = Time spent auto-exploring this place.
 F = Levels seen in this place.
 G = Mean time per level.
                   A        B        C        D        E       F      G
               +--------+--------+--------+--------+--------+-----+--------+
         Total |    963 |    922 |     41 |     29 |    711 |   2 |  481.5 |
       Dungeon |    963 |    922 |     41 |     29 |    711 |   2 |  481.5 |
               +--------+--------+--------+--------+--------+-----+--------+

Top non-repeatable levels by time:
     D:1: 683 daAuts
     D:2: 280 daAuts
